 Dungeon Crawl Stone Soup version 0.20.0-15-g7f486f2 (webtiles) character file.

138 Chiseanne the Magician (level 5, 35/35 HPs)
             Began as a Demonspawn Wizard on June 15, 2017.
             Quit the game on level 3 of the Dungeon.
             The game lasted 00:04:58 (2590 turns).

Chiseanne the Magician (Demonspawn Wizard)          Turns: 2590, Time: 00:04:58

Health: 35/35      AC:  4    Str:  9    XL:     5   Next: 1%
Magic:  3/11       EV: 12    Int: 20    God:
Gold:   60         SH:  0    Dex: 12    Spells: 3/12 levels left

rFire    . . .     SeeInvis .   n - +0 short sword
rCold    . . .     Gourm    .   (no shield)
rNeg     . . .     Faith    .   c - +0 robe (curse)
rPois    .         Spirit   .   b - +0 hat
rElec    .         Reflect  .   (no cloak)
rCorr    .         Harm     .   (no gloves)
MR       .....                  (no boots)
Stlth    ++........             (no amulet)
Regen    0.2/turn               g - +2 ring of strength
MPRegen  0.2/turn               (no ring)

@: no status effects
A: hooves 1, thin metallic scales 1, spiny 2
a: no special abilities


You were on level 3 of the Dungeon.
You were not hungry.

You visited 1 branch of the dungeon, and saw 3 of its levels.

You collected 60 gold pieces.

Inventory:

Hand Weapons
 n - a +0 short sword (weapon)
Missiles
 e - 23 arrows
 f - 99 stones (quivered)
Armour
 b - a +0 hat (worn)
 c - a cursed +0 robe (worn)
 h - a +2 robe of magic resistance
Jewellery
 g - a +2 ring of strength (left hand)
Scrolls
 k - a scroll of fog
 l - 2 scrolls of teleportation
Potions
 a - a potion of ambrosia
 p - a potion of mutation
Comestibles
 d - 3 bread rations
 q - a royal jelly


   Skills:
 - Level 1.7 Dodging
 - Level 1.7 Stealth
 * Level 4.3 Spellcasting
 * Level 3.5 Conjurations
 - Level 1.0 Summonings
   Level 0.8 Translocations


You had 3 spell levels left.
You knew the following spells:

 Your Spells              Type           Power        Failure   Level  Hunger
a - Magic Dart            Conj           ###.         3%          1    None
b - Call Imp              Summ           #.......     12%         2    #......
c - Conjure Flame         Conj/Fire      ##......     19%         3    ###....
d - Mephitic Cloud        Conj/Pois/Air  #.......     24%         3    ###....


Dungeon Overview and Level Annotations

Branches:
Dungeon (3/15)

Altars:


Innate Abilities, Weirdness & Mutations

You have large cloven feet.
You are partially covered in thin metallic scales. (AC +2)
You are mostly covered in sharp spines.


Message History

The magic dart hits the worm.
The worm is severely wounded.
Casting: Magic Dart
Confirm with . or Enter, or press ? or * to list all spells.
Aiming: Magic Dart
Press: ? - help, Shift-Dir - straight line, f/p - worm
Aim: a worm (severely wounded)
The magic dart hits the worm.
The worm is almost dead.
Casting: Magic Dart
Confirm with . or Enter, or press ? or * to list all spells.
Aiming: Magic Dart
Press: ? - help, Shift-Dir - straight line, f/p - worm
Aim: a worm (almost dead)
The magic dart hits the worm.
You kill the worm!
You have reached level 5!
Your demonic ancestry asserts itself...
Your feet thicken and deform.
Are you sure you want to abandon this character and quit the game? (Confirm with "yes".)

# ##. #..
##.# #
###..##
#.#....)#
#.......#
###....<#
###.@##
##.# #(#
#.# ...
... ...
.....


There were no monsters in sight!

Vanquished Creatures
  Terence (D:2)
  3 gnolls (D:2)
  An adder (D:2)
  2 worms
  A dart slug (D:1)
  A leopard gecko (D:2)
  An orc (D:3)
  14 bats
  A giant cockroach (D:2)
  6 goblins
  5 hobgoblins
  7 jackals
  2 quokkas (D:2)
  4 frilled lizards
  7 kobolds
  4 rats
60 creatures vanquished.

Notes
Turn   | Place    | Note
-------+----------+-------------------------------------------
     0 | D:1      | Chiseanne the Demonspawn Wizard began the quest for the Orb.
     0 | D:1      | Reached XP level 1. HP: 13/13 MP: 4/4
   398 | D:1      | Gained mutation: You are partially covered in thin metallic scales. (AC +2) [demonic ancestry]
   398 | D:1      | Reached XP level 2. HP: 19/19 MP: 4/6
   893 | D:1      | Gained mutation: You are partially covered in sharp spines. [demonic ancestry]
   893 | D:1      | Reached XP level 3. HP: 24/24 MP: 5/7
  1356 | D:2      | Learned a level 2 spell: Call Imp
  1360 | D:2      | Learned a level 3 spell: Conjure Flame
  1364 | D:2      | Learned a level 3 spell: Mephitic Cloud
  1530 | D:2      | Gained mutation: You are mostly covered in sharp spines. [demonic ancestry]
  1530 | D:2      | Reached XP level 4. HP: 29/30 MP: 2/9
  1700 | D:2      | Reached skill level 4 in Spellcasting
  2312 | D:2      | Noticed Terence
  2358 | D:2      | Killed Terence
  2589 | D:3      | Gained mutation: You have large cloven feet. [demonic ancestry]
  2589 | D:3      | Reached XP level 5. HP: 35/35 MP: 2/11
  2590 | D:3      | Quit the game

Skill      XL: |  1  2  3  4 |
---------------+-------------+-----
Conjurations   | 2 3 |  3.5
Spellcasting   | 4 |  4.3
Dodging        | |  1.7
Stealth        | |  1.7
Summonings     | |  1.0
Translocations | |  0.8

Action                   |  1- 3 |  4- 6 || total
-------------------------+-------+-------++-------
Melee: Unarmed           |     5 |       ||     5
       Short sword       |    34 |    33 ||    67
 Cast: Magic Dart        |    77 |    47 ||   124
       Mephitic Cloud    |       |     1 ||     1
  Use: Scroll            |     6 |     2 ||     8
 Stab: Sleeping          |       |     2 ||     2
       Confused          |       |     1 ||     1
  Eat: Chunk             |     2 |     3 ||     5
Armor: Robe              |    21 |     3 ||    24
Dodge: Dodged            |    56 |     5 ||    61
